 Dungeon Crawl Stone Soup version 0.31.0-1-g2c135a0 (webtiles) character file.

Game seed: 17485756740364480018

14 Cambo125 the Slasher (level 2, -6/29 HPs)
             Began as a Troll Berserker on Apr 2, 2024.
             Was a Follower of Trog.
             Killed by nerve-wracking pain
             ... invoked by Jessica
              (12 damage)
             ... on level 2 of the Dungeon.
             The game lasted 00:07:29 (454 turns).

Cambo125 the Slasher (Troll Berserker)               Turns: 454, Time: 00:07:29

Health: -6/29      AC:  4    Str: 24    XL:     2   Next: 31%
Magic:  1/1        EV: 10    Int:  3    God:    Trog [*.....]
Gold:   15         SH:  0    Dex:  9    Spells: 1/1 levels left

rFire   . . .        i - +2 dagger (vamp)
rCold   . . .        (no shield)
rNeg    . . .        b - +0 animal skin
rPois   .            (helmet restricted)
rElec   .            (no cloak)
rCorr   .            (gloves unavailable)
SInv    .            (boots unavailable)
Will    .....        (no amulet)
Stlth   +            (no ring)
HPRegen 1.04/turn    (no ring)
MPRegen 0.07/turn

%: no passive effects
@: slowed, very slow
A: large, unfitting armour, claws 3, regeneration 1, shaggy fur 1, tough skin 1
a: Renounce Religion, Berserk


You were on level 2 of the Dungeon.
You worshipped Trog.
Trog was aware of your devotion.
You visited 1 branch of the dungeon, and saw 2 of its levels.

You collected 15 gold pieces.

Inventory:

Hand Weapons
 a - a +0 falchion
 d - a +0 whip
 f - a +0 dagger
 i - a +2 vampiric dagger (weapon)
 j - a +0 whip
 m - a +0 dagger
 n - a +0 club
 o - a +0 club
Missiles
 k - 6 stones (quivered)
Armour
 b - a +0 animal skin (worn)
Scrolls
 c - a scroll of identify {unknown}
 e - a scroll of revelation {unknown}
 g - a scroll of teleportation {unknown}
 h - a scroll of amnesia {unknown}
Potions
 l - 2 potions of attraction {unknown}


   Skills:
 + Level 2.6 Fighting
 + Level 2.7 Long Blades
 + Level 2.6 Dodging


You had one spell level left.
You didn't know any spells.
Your spell library was empty.

Dungeon Overview and Level Annotations

Branches:
Dungeon (2/15)

Altars:

Annotations:
D:2 Jessica


Innate Abilities, Weirdness & Mutations

You are too large for most types of armour.
You have claws for hands.
Your natural rate of healing is unusually fast.
You are covered in fur. (AC +1)
You have tough skin. (AC +1)


Message History

Jessica is moderately wounded.
Jessica casts a spell.
Jessica blinks!
Jessica points at you and mumbles some strange words.
Pain shoots through your body!
Jessica hits you with a +1 dagger of speed.
Jessica says, "Why did you come here?"
Jessica mumbles some strange words.
Jessica blinks!
You closely miss Jessica.
Jessica is lightly wounded.
Jessica mumbles some strange words.
Jessica seems to speed up.
Jessica closely misses you.
You barely miss Jessica.
Jessica is lightly wounded.
Jessica hits you with a +1 dagger of speed. x2
Jessica gestures at you while chanting. You resist with some effort.
You barely miss Jessica.
Jessica is lightly wounded.
Jessica points at you and mumbles some strange words.
You feel yourself slow down.
You closely miss Jessica.
Jessica is lightly wounded.
Jessica looks very angry.
Jessica gestures at you while chanting. Pain shoots through your body!
* * * LOW HITPOINT WARNING * * *
Jessica gestures wildly while chanting.
Jessica blinks!
You are too injured to fight recklessly!
You are too injured to fight recklessly!
Jessica hits you with a +1 dagger of speed!
* * * LOW HITPOINT WARNING * * *
Jessica casts a spell.
Jessica blinks!
Jessica gestures at you while chanting. Pain shoots through your body!
You die...

. ........# ..
!..#.#.#
.##..#.... #
).....#>#
.##.##..#.#.#
........#.#.#####
.##.##..........#
...........ยง.@..#
.......<...@....#
..#.###.........#
# # ...#........#
##.##.####### #.
#.# .. ..# #.####
#.


You could see Jessica (fast).

Vanquished Creatures
  2 endoplasms (D:1)
  A giant cockroach (D:1)
  A goblin (D:1)
  2 hobgoblins (D:1)
  A quokka (D:1)
  A frilled lizard (D:1)
  5 kobolds (D:1)
13 creatures vanquished.

Notes
Turn   | Place    | Note
-------+----------+-------------------------------------------
     0 | D:1      | Cambo125 the Troll Berserker began the quest for the Orb.
     0 | D:1      | Reached XP level 1. HP: 22/22 MP: 0/0
   120 | D:1      | Found a faded altar of an unknown god.
   227 | D:1      | Reached XP level 2. HP: 27/29 MP: 1/1
   431 | D:2      | Noticed Jessica
   454 | D:2      | Killed from afar by Jessica

Illustrated notes

Levels and vault maps discovered:
D:1:      lemuel_arrival_rhombus, layout_basic,
          shapermc_ecumenical_altar_totnotflames
D:2:      layout_loops_cross, uniq_jessica, uniq_robin

Action                     || total
---------------------------++-------
  Melee: Dagger            ||    57
         Falchion          ||    14
         Punch             ||     1
 Armour: Animal skin       ||    47
  Dodge: Dodged            ||    42
